[Event "Titled Tuesday Blitz April 18 Early 2023"]
[White "Steenbekkers, Franck"]
[Black "Fernandez Hernandez, Gerardo"]
[WhiteFideId "1004220"]
[BlackFideId "2207400"]
[WhiteElo "2083"]
[BlackElo "2178"]
[Result "1-0"]
[Round "07"]
[TimeControl "180+2"]
[Date "2023.04.18"]
[WhiteClock "0:01:12"]
[BlackClock "0:00:03"]

1. e4 e6 2. d4 d5 3. Nd2 Nc6 4. Ngf3 Nf6 5. e5 Nd7 6. Bd3 f6 7. exf6 Qxf6 8. O-O Bd6 9. c3 e5 10. dxe5 Ndxe5 11. Nxe5 Nxe5 12. Bc2 O-O 13. Nb3 c6 14. Be3 Ng4 15. Bd4 Qh4 16. h3 Bh2+ 17. Kh1 Bc7 18. Kg1 Be6 19. Nc5 Rae8 20. Nxb7 Bc8 21. Nc5 Nf6 22. f4 Bxh3 23. gxh3 Qg3+ 24. Kh1 Qxh3+ 25. Kg1 Qg3+ 26. Kh1 Ng4 27. Qd2 Bxf4 28. Qg2 Qh4+ 29. Kg1 Ne3 30. Qxg7# 1-0


[Site "https://www.chess.com"]

[Event "Titled Tuesday Blitz April 18 Early 2023"]
[White "Thiel, Thomas"]
[Black "Fabris, Alberto"]
[WhiteFideId "4615964"]
[BlackFideId "801348"]
[WhiteElo "2163"]
[BlackElo "2101"]
[Result "1/2-1/2"]
[Round "07"]
[TimeControl "180+2"]
[Date "2023.04.18"]
[WhiteClock "0:00:05"]
[BlackClock "0:00:26"]

1. e4 c5 2. Nc3 Nc6 3. Bb5 g6 4. Bxc6 dxc6 5. d3 Bg7 6. Be3 b6 7. Qd2 Nf6 8. Bh6 O-O 9. h4 e5 10. Nge2 Ng4 11. Bxg7 Kxg7 12. h5 g5 13. f3 Nh6 14. Ng3 Kh8 15. O-O-O f5 16. exf5 Nxf5 17. Nxf5 Bxf5 18. Qe3 Qf6 19. Rde1 Rae8 20. Ne4 Bxe4 21. Qxe4 Qf4+ 22. Kb1 Qxe4 23. Rxe4 Rf4 24. Rhe1 Rxe4 25. Rxe4 Kg7 26. Kc1 Kf6 27. Kd2 Rg8 28. Ke3 Ke6 29. Rg4 h6 30. Ra4 a5 31. a3 Ra8 32. b4 cxb4 33. axb4 Kd6 34. Ke4 Ra7 35. c3 Ra8 36. Ke3 Kd5 37. Kd2 Ra7 38. Kc2 Ra8 39. Kb3 Ra7 40. bxa5 bxa5 41. Re4 Rb7+ 42. Ka4 Rb2 43. Rg4 Ra2+ 44. Kb3 Rd2 45. c4+ Kc5 46. Kc3 Rf2 47. Re4 Kd6 48. Rg4 Kc5 49. Re4 Kd6 50. Rg4 Kc5 1/2-1/2


[Site "https://www.chess.com"]

[Event "Titled Tuesday Blitz April 18 Early 2023"]
[White "Le, Tuan Minh"]
[Black "Lazavik, Denis"]
[WhiteFideId "12401153"]
[BlackFideId "13515110"]
[WhiteElo "2566"]
[BlackElo "2560"]
[Result "1-0"]
[Round "08"]
[TimeControl "180+2"]
[Date "2023.04.18"]
[WhiteClock "0:00:18"]
[BlackClock "0:00:05"]

1. d4 Nf6 2. Nf3 d5 3. Bf4 c5 4. c3 Nc6 5. e3 Bg4 6. Qb3 Qc8 7. Nbd2 e6 8. Ne5 Nxe5 9. Bxe5 Nd7 10. Bg3 Be7 11. Nf3 O-O 12. Be2 c4 13. Qd1 b5 14. O-O a5 15. Nd2 Bxe2 16. Qxe2 Nb6 17. e4 Qd7 18. Rae1 Rfe8 19. h4 b4 20. h5 h6 21. Bf4 Kh8 22. Qg4 dxe4 23. Qg3 f5 24. f3 bxc3 25. bxc3 e3 26. Bxe3 Rac8 27. Bf4 Nd5 28. Be5 Bf6 29. f4 Qf7 30. Qf3 Bxe5 31. Rxe5 a4 32. a3 Rc6 33. Rb1 Rcc8 34. Rb5 Nf6 35. Rec5 Ng4 36. Nxc4 Qxh5 37. Qh3 Qg6 38. Nd6 Rxc5 39. dxc5 Rd8 40. Qh4 Nf6 41. Rb7 Kh7 42. c4 Kg8 43. Qe1 Ne4 44. Nxe4 fxe4 45. c6 Kh7 46. Rd7 Rc8 47. c7 Qf5 48. Qg3 Qf6 49. Qe3 Qf5 50. Qd4 e5 51. fxe5 e3 52. e6 Qg5 53. Qe4+ Kh8 54. e7 1-0


[Site "https://www.chess.com"]

[Event "Titled Tuesday Blitz April 18 Early 2023"]
[White "Kovalenko, Igor"]
[Black "Korobov, Anton"]
[WhiteFideId "14117908"]
[BlackFideId "14105730"]
[WhiteElo "2574"]
[BlackElo "2638"]
[Result "1/2-1/2"]
[Round "08"]
[TimeControl "180+2"]
[Date "2023.04.18"]
[WhiteClock "0:00:10"]
[BlackClock "0:00:18"]

1. d4 Nf6 2. Nf3 d5 3. c4 e6 4. Nc3 c6 5. e3 Nbd7 6. Qc2 Bd6 7. b3 O-O 8. Bb2 b6 9. Bd3 Bb7 10. O-O Re8 11. Rfe1 c5 12. cxd5 exd5 13. Rad1 Rc8 14. dxc5 bxc5 15. Bf5 d4 16. exd4 Bxf3 17. Rxe8+ Qxe8 18. gxf3 cxd4 19. Rxd4 Qe5 20. Rh4 g6 21. Bxd7 Nxd7 22. Qd2 Nf6 23. Ne2 Qe7 24. Ng3 Ba3 25. Nf5 gxf5 26. Qg5+ Kf8 27. Bxf6 Qe1+ 28. Kg2 Rc1 29. Rd4 Qf1+ 30. Kg3 Rc8 31. Qh6+ Ke8 32. Qe3+ Kf8 33. Qd3 Qg1+ 34. Kh3 Kg8 35. Rd8+ Rxd8 36. Qxd8+ Bf8 37. Qd2 Qf1+ 38. Kg3 Qg1+ 39. Kh3 Qf1+ 40. Kg3 Qg1+ 41. Kh3 1/2-1/2


[Site "https://www.chess.com"]

[Event "Titled Tuesday Blitz April 18 Early 2023"]
[White "Andreikin, Dmitry"]
[Black "Bachmann, Axel"]
[WhiteFideId "4158814"]
[BlackFideId "3700488"]
[WhiteElo "2736"]
[BlackElo "2605"]
[Result "1/2-1/2"]
[Round "08"]
[TimeControl "180+2"]
[Date "2023.04.18"]
[WhiteClock "0:00:08"]
[BlackClock "0:00:04"]

1. Nf3 Nf6 2. c4 e6 3. g3 d5 4. Bg2 dxc4 5. O-O Nbd7 6. Qc2 a6 7. a4 c5 8. Na3 b5 9. axb5 axb5 10. Qb1 Rb8 11. Rd1 Qb6 12. d3 cxd3 13. Bf4 Bd6 14. Bxd6 Qxd6 15. Rxd3 Qb6 16. e4 c4 17. Rd1 O-O 18. h3 Bb7 19. Nd4 Nc5 20. e5 Bxg2 21. exf6 Be4 22. Qc1 gxf6 23. Qe3 Bg6 24. Ndxb5 Nd3 25. Qxb6 Rxb6 26. Nd4 Rxb2 27. Nxc4 Rb4 28. Nc6 Rxc4 29. Ne7+ Kg7 30. Nxg6 Nxf2 31. Nxf8 Nxd1 32. Nxe6+ fxe6 33. Rxd1 Rc2 34. Rd7+ Kg6 35. Re7 e5 36. Re8 h5 37. Rg8+ Kf5 38. Rh8 Ke4 39. Rxh5 f5 40. Rg5 f4 41. gxf4 exf4 42. h4 Kf3 43. h5 Rc1+ 44. Kh2 Rc2+ 45. Kh3 Rc1 46. Kh2 Rc2+ 47. Kh3 Rc1 48. Rg2 Rc5 49. Kh2 Rxh5+ 50. Kg1 Rd5 51. Rf2+ Ke3 52. Kg2 Rg5+ 53. Kf1 f3 54. Ra2 Rb5 55. Ra3+ Kf4 56. Ra8 Rg5 57. Rf8+ Kg3 58. Rf7 Rh5 59. Rg7+ Kf4 60. Rf7+ Kg3 61. Rg7+ Kf4 62. Rf7+ Kg3 1/2-1/2


[Site "https://www.chess.com"]

[Event "Titled Tuesday Blitz April 18 Early 2023"]
[White "Timofeev, Artyom"]
[Black "Tang, Andrew"]
[WhiteFideId "4140419"]
[BlackFideId "2059630"]
[WhiteElo "2586"]
[BlackElo "2596"]
[Result "1-0"]
[Round "08"]
[TimeControl "180+2"]
[Date "2023.04.18"]
[WhiteClock "0:00:04"]
[BlackClock "0:00:01"]

1. e4 e5 2. Nf3 Nc6 3. Bb5 g6 4. c3 a6 5. Ba4 Bg7 6. d4 exd4 7. cxd4 b5 8. Bb3 Na5 9. O-O Ne7 10. d5 O-O 11. Nc3 d6 12. h3 Nxb3 13. Qxb3 c6 14. dxc6 Be6 15. Nd5 Nxc6 16. Bg5 Qd7 17. Rad1 h6 18. Bf4 Rad8 19. Qe3 g5 20. Bxd6 Qxd6 21. Nf6+ Bxf6 22. Rxd6 Rxd6 23. e5 Nxe5 24. Nxe5 Bxa2 25. Qa3 Bxe5 26. Qxa2 Rc8 27. b4 Rc4 28. Qe2 Bd4 29. h4 Rf6 30. hxg5 hxg5 31. Qd2 Rf5 32. g3 Kg7 33. Kg2 Bc3 34. Qd3 Rf6 35. Rc1 Rfc6 36. Qd5 Kg6 37. Rh1 Re6 38. Qd3+ Kf6 39. Rh6+ Ke7 40. Rh8 Bd4 41. Ra8 Rf6 42. Qe4+ Re6 43. Qf5 Bf6 44. Ra7+ Kf8 45. Qh7 Re7 46. Qh6+ Bg7 47. Ra8+ Re8 48. Rxe8+ Kxe8 49. Qxg7 g4 50. Qe5+ Kf8 51. Qd6+ Kg7 52. Qxa6 Rxb4 53. Qd6 Re4 54. Qd5 Rb4 55. Qe5+ Kg8 56. Qb8+ Kg7 57. Qc8 Rc4 58. Qf5 b4 59. Qg5+ Kf8 60. Qb5 Re4 61. Qb8+ Kg7 62. Kf1 Kg6 63. Qg8+ Kf6 64. Qd8+ Kg6 65. Qb6+ Kg5 66. Qc5+ f5 67. Qc6 Rd4 68. Qc7 Re4 69. Qg7+ Kh5 70. Qf7+ Kg5 71. Qb7 Kf6 72. Qc6+ Kf7 73. Qd7+ Kf6 74. Qc8 Kg6 75. Qd7 Kf6 76. Qb7 Kg6 77. Qd5 Kf6 78. Qd6+ Kf7 79. Kg2 Kg7 80. f3 Re2+ 81. Kf1 gxf3 82. Qd4+ Kg6 83. Qxb4 Re4 84. Qd6+ Kg5 85. Kf2 Re2+ 86. Kxf3 Re4 87. Qd8+ Kg6 88. Qf8 Kg5 89. Qg7+ Kh5 90. Kf2 Rc4 91. Qf6 Rc5 92. Qf7+ Kg4 93. Qg7+ Kh5 94. Qh8+ Kg5 95. Qg8+ Kh5 96. Qh7+ Kg5 97. Qe7+ 1-0


[Site "https://www.chess.com"]

[Event "Titled Tuesday Blitz April 18 Early 2023"]
[White "Mammadov, Zaur"]
[Black "Puranik, Abhimanyu"]
[WhiteFideId "13401033"]
[BlackFideId "5061245"]
[WhiteElo "2441"]
[BlackElo "2477"]
[Result "0-1"]
[Round "08"]
[TimeControl "180+2"]
[Date "2023.04.18"]
[WhiteClock "0:00:15"]
[BlackClock "0:00:41"]

1. e4 c5 2. c3 d5 3. exd5 Qxd5 4. d4 Nc6 5. Nf3 Nf6 6. dxc5 Qxd1+ 7. Kxd1 e5 8. b4 e4 9. Nd4 a5 10. Bb5 Bd7 11. Bxc6 bxc6 12. Re1 O-O-O 13. Kc2 Nd5 14. a3 f5 15. Nd2 g6 16. Nc4 axb4 17. axb4 Bg7 18. Bg5 Bxd4 19. cxd4 Rdf8 20. Reb1 h6 21. Bd2 f4 22. Ra7 e3 23. Rba1 Bf5+ 24. Kd1 exd2 25. Nd6+ Kd8 26. Rg7 Nc7 27. Ra7 Bd7 28. Nb7+ Kc8 29. Nd6+ Kd8 30. b5 Rhg8 31. Nb7+ Kc8 32. Nd6+ Kd8 33. Rxg8 Rxg8 34. b6 Ke7 35. Rxc7 Ke6 36. b7 0-1


[Site "https://www.chess.com"]

[Event "Titled Tuesday Blitz April 18 Early 2023"]
[White "Gupta, Abhijeet"]
[Black "Smirnov, Pavel"]
[WhiteFideId "5010608"]
[BlackFideId "4123425"]
[WhiteElo "2528"]
[BlackElo "2519"]
[Result "1-0"]
[Round "08"]
[TimeControl "180+2"]
[Date "2023.04.18"]
[WhiteClock "0:00:55"]
[BlackClock "0:00:01"]

1. d4 Nf6 2. Nf3 d5 3. Bf4 Bf5 4. e3 e6 5. Bd3 Bxd3 6. cxd3 Bd6 7. Qb3 b6 8. Bxd6 Qxd6 9. Nc3 O-O 10. O-O c6 11. e4 Qd8 12. Rac1 Nbd7 13. e5 Ne8 14. Ne2 Rc8 15. Qa4 Qc7 16. b4 Qb7 17. Rc2 b5 18. Qb3 g6 19. Rfc1 Ng7 20. Rc3 Rc7 21. Qc2 Rfc8 22. Nd2 Qa6 23. Nb3 Qa4 24. Na5 Qxc2 25. R1xc2 Nb8 26. g4 Kf8 27. Kg2 Ke7 28. h3 Kd7 29. a3 Rh8 30. Ng1 h6 31. Nf3 Rhc8 32. Nd2 Rh8 33. Ndb3 h5 34. Rc1 hxg4 35. hxg4 Rcc8 36. Nc5+ Ke7 37. Ncb7 Rh4 38. Kf3 Kd7 39. Nd6 Rch8 40. Nxc6 Na6 41. Nxa7 Rh3+ 42. Ke2 R8h4 43. Rc6 1-0


[Site "https://www.chess.com"]

[Event "Titled Tuesday Blitz April 18 Early 2023"]
[White "Yeletsky, Ivan"]
[Black "Rodshtein, Maxim"]
[WhiteFideId "24180327"]
[BlackFideId "2806851"]
[WhiteElo "2422"]
[BlackElo "2555"]
[Result "0-1"]
[Round "08"]
[TimeControl "180+2"]
[Date "2023.04.18"]
[WhiteClock "0:00:02"]
[BlackClock "0:00:23"]

1. d4 Nf6 2. c4 e6 3. Nf3 d5 4. g3 Bb4+ 5. Bd2 Bd6 6. Bg2 c6 7. Nc3 O-O 8. b3 Ne4 9. Nxe4 dxe4 10. Ne5 f6 11. Ng4 e5 12. dxe5 Bc7 13. h3 f5 14. Ne3 Bxe5 15. Bb4 Bxa1 16. Qxa1 Qf6 17. Bc3 Qe7 18. O-O Be6 19. f4 exf3 20. exf3 Nd7 21. Kh2 Rae8 22. Re1 f4 23. gxf4 Qf7 24. f5 Bxf5 25. Nxf5 Rxe1 26. Nh6+ gxh6 27. Qxe1 Qf4+ 28. Kh1 Nf6 29. Qe6+ Rf7 30. Be5 Qe3 31. f4 h5 32. Qf5 Qe1+ 33. Kh2 Ng4+ 34. hxg4 Qh4+ 35. Kg1 Rxf5 36. gxf5 Qg3 37. f6 h4 38. Kf1 h3 39. Bh1 h2 40. Bg2 h5 0-1


[Site "https://www.chess.com"]

[Event "Titled Tuesday Blitz April 18 Early 2023"]
[White "Bocharov, Dmitry"]
[Black "Pichot, Alan"]
[WhiteFideId "4138716"]
[BlackFideId "110973"]
[WhiteElo "2469"]
[BlackElo "2573"]
[Result "1-0"]
[Round "08"]
[TimeControl "180+2"]
[Date "2023.04.18"]
[WhiteClock "0:00:17"]
[BlackClock "0:00:12"]

1. d4 Nf6 2. c4 e6 3. g3 d5 4. Nf3 Be7 5. Bg2 O-O 6. Nc3 dxc4 7. Ne5 c5 8. dxc5 Qc7 9. Nxc4 Qxc5 10. Qb3 Nc6 11. Be3 Qh5 12. h3 e5 13. g4 Qh4 14. Nd2 Nd4 15. Bxd4 exd4 16. Nf3 Qh6 17. g5 Qg6 18. gxf6 Bxf6 19. Nd5 Be6 20. Nf4 Bxb3 21. Nxg6 hxg6 22. axb3 Rfe8 23. Kd2 d3 24. exd3 Bxb2 25. Rab1 Ba3 26. b4 a5 27. bxa5 Rxa5 28. Rhe1 Rd8 29. Rxb7 Bc5 30. Rc1 Bxf2 31. Rcc7 Rf5 32. Ke2 Bg3 33. Rc4 Re8+ 34. Re4 Ra8 35. Rb2 g5 36. d4 Rd8 37. Rd2 Bf4 38. Rc2 Bg3 39. Rc5 g6 40. Rxf5 gxf5 41. Re7 g4 42. hxg4 fxg4 43. Ng5 Rxd4 44. Nxf7 Bh4 45. Nh6+ Kf8 46. Rf7+ Ke8 47. Bc6+ Kd8 48. Nf5 Rf4 49. Rd7+ Kc8 50. Nd6+ Kb8 51. Rb7+ Ka8 52. Rb4+ Ka7 53. Rxf4 1-0


[Site "https://www.chess.com"]

[Event "Titled Tuesday Blitz April 18 Early 2023"]
[White "Fier, Alexandr"]
[Black "Nakamura, Hikaru"]
[WhiteFideId "2107139"]
[BlackFideId "2016192"]
[WhiteElo "2610"]
[BlackElo "2885"]
[Result "0-1"]
[Round "08"]
[TimeControl "180+2"]
[Date "2023.04.18"]
[WhiteClock "0:00:07"]
[BlackClock "0:00:04"]

1. d4 g6 2. c4 Bg7 3. e4 d6 4. Nc3 Nf6 5. Be2 O-O 6. Bg5 c6 7. Qd2 e5 8. d5 Na6 9. f3 Bd7 10. h4 Qa5 11. h5 Nxh5 12. Bh6 f6 13. Bxg7 Kxg7 14. g4 Nf4 15. Nh3 Nxe2 16. Kxe2 cxd5 17. Nf2 Rf7 18. Qh6+ Kg8 19. Nxd5 Qd8 20. Rad1 Nc5 21. Nd3 Ne6 22. Rh2 Qf8 23. Qh4 Bc6 24. Rdh1 Bxd5 25. cxd5 Nd4+ 26. Ke3 Rc8 27. f4 Qg7 28. f5 g5 29. Qh5 Rfc7 30. a3 Qf7 31. Qg6+ Qxg6 32. fxg6 Rc2 33. gxh7+ Kh8 34. Nb4 Rxh2 35. Rxh2 a5 36. Nd3 Rc2 37. Rxc2 Nxc2+ 38. Kd2 Nd4 39. Kc3 Kxh7 40. b4 a4 41. b5 Nxb5+ 42. Kb4 Nd4 43. Kxa4 f5 44. exf5 e4 45. Ne1 Nf3 46. Ng2 Kg7 47. Kb5 Kf6 48. Kb6 Ke5 49. Kxb7 Nh4 50. Ne3 Kd4 51. a4 Kxe3 52. a5 Kf4 53. a6 e3 54. a7 e2 55. a8=Q e1=Q 56. Kc6 Qb4 57. f6 Ng6 58. Qe8 Ne5+ 59. Kc7 Qc5+ 60. Kb8 Qxd5 61. f7 Qxf7 62. Qa4+ Qc4 63. Qa3 Kxg4 64. Qxd6 Nf3 65. Qd7+ Kg3 66. Ka8 Qf4 67. Qc7 Nd4 68. Qc3+ Qf3+ 0-1


[Site "https://www.chess.com"]

[Event "Titled Tuesday Blitz April 18 Early 2023"]
[White "Drozdowski, Kacper"]
[Black "So, Wesley"]
[WhiteFideId "1136720"]
[BlackFideId "5202213"]
[WhiteElo "2497"]
[BlackElo "2749"]
[Result "0-1"]
[Round "08"]
[TimeControl "180+2"]
[Date "2023.04.18"]
[WhiteClock "0:00:02"]
[BlackClock "0:00:09"]

1. e4 e5 2. Nf3 Nc6 3. Bc4 Nf6 4. d3 h6 5. c3 d6 6. Bb3 g5 7. h3 Bg7 8. Nbd2 d5 9. Qe2 a5 10. Ba4 O-O 11. O-O Re8 12. Re1 Bd7 13. Nf1 Ne7 14. Bxd7 Nxd7 15. Ng3 c6 16. h4 f6 17. d4 Qc7 18. hxg5 fxg5 19. Nh5 Ng6 20. Nxg7 Kxg7 21. dxe5 Ndxe5 22. Nd4 dxe4 23. Nf5+ Kf6 24. Nxh6 Qd7 25. Qh5 g4 26. Bg5+ Kg7 27. Rxe4 Rh8 28. Rae1 Rae8 29. Qh2 Nf7 30. Rxe8 Rxe8 31. Be3 Rxe3 32. fxe3 Nxh6 33. Qb8 Nf7 34. Qg3 Nfe5 35. Rf1 Qe6 36. Qf2 a4 37. b3 a3 38. c4 Nd3 39. Qd2 Qe4 40. Qc3+ Kh6 41. Qd4 Qxd4 42. exd4 Ngf4 43. g3 Ne2+ 44. Kg2 Nb4 45. d5 cxd5 46. cxd5 Nxd5 47. Rf7 b5 48. Rb7 b4 49. Kf2 Nec3 50. Rd7 Kg6 51. Kg2 Kf5 52. Rd6 Ke5 0-1


[Site "https://www.chess.com"]

[Event "Titled Tuesday Blitz April 18 Early 2023"]
[White "Deac, Bogdan-Daniel"]
[Black "Bacallao Alonso, Yusnel"]
[WhiteFideId "1226380"]
[BlackFideId "3507416"]
[WhiteElo "2649"]
[BlackElo "2561"]
[Result "1-0"]
[Round "08"]
[TimeControl "180+2"]
[Date "2023.04.18"]
[WhiteClock "0:00:06"]
[BlackClock "0:00:09"]

1. e4 c6 2. Nf3 d5 3. Nc3 dxe4 4. Nxe4 Nf6 5. Qe2 Bf5 6. d3 e6 7. Ng3 Bg6 8. Ne5 Nbd7 9. Nxg6 hxg6 10. Ne4 Qb6 11. Nd2 Qc5 12. Nf3 a5 13. a4 Nd5 14. g3 Be7 15. Bg2 Bf6 16. O-O O-O 17. Rd1 b5 18. d4 Qb6 19. c3 Rfd8 20. h4 bxa4 21. Rxa4 c5 22. Ne5 cxd4 23. Nxd7 Rxd7 24. c4 Qa6 25. Bd2 Rc8 26. b3 d3 27. Qe1 Ne7 28. Rxa5 Qb6 29. Rb5 Qa7 30. Be3 Qa6 31. Be4 Rcd8 32. Qa5 Qxa5 33. Rxa5 Nf5 34. Bxf5 gxf5 35. b4 Bc3 36. Rb5 e5 37. c5 Rd5 38. Rb7 Rc8 39. b5 f4 40. gxf4 exf4 41. Bxf4 Rcxc5 42. b6 Rb5 43. Rb8+ Kh7 44. b7 Rd7 45. Rc8 Rdxb7 46. Rxc3 Rb4 47. Bg3 Rb3 48. Rcxd3 Rxd3 49. Rxd3 f6 50. Kg2 Rb5 51. Rd4 Kg6 52. Kf3 Rf5+ 53. Kg4 Rb5 54. Rf4 Kh7 55. h5 Rd5 56. Rf5 Rd4+ 57. Bf4 Rd1 58. Be3 Rg1+ 59. Kf3 Rh1 60. h6 1-0


[Site "https://www.chess.com"]

[Event "Titled Tuesday Blitz April 18 Early 2023"]
[White "Terry, Renato"]
[Black "Beerdsen, Thomas"]
[WhiteFideId "3803457"]
[BlackFideId "1030108"]
[WhiteElo "2575"]
[BlackElo "2547"]
[Result "1-0"]
[Round "08"]
[TimeControl "180+2"]
[Date "2023.04.18"]
[WhiteClock "0:00:40"]
[BlackClock "0:01:20"]

1. Nf3 Nf6 2. e3 a6 3. c4 c5 4. b3 g6 5. Bb2 Bg7 6. Be2 O-O 7. O-O b6 8. d4 cxd4 9. Nxd4 Bb7 10. Bf3 d5 11. Nc3 e5 12. Nc2 e4 13. Be2 dxc4 14. bxc4 Nbd7 15. Ba3 Nc5 16. Rb1 Qc7 17. Nd4 Rfd8 18. Qc2 Rac8 19. Na4 Nxa4 20. Qxa4 Nd7 21. Rfd1 Nc5 22. Bxc5 Qxc5 23. Nb3 Qc7 24. Qb4 Bf8 25. Qc3 b5 26. Rxd8 Qxd8 27. Qd4 Qg5 28. cxb5 axb5 29. Qd7 Qd5 30. Bxb5 Ba3 31. h4 Rc2 32. Nd4 Rxa2 33. Qe8+ Kg7 34. Ba4 1-0


[Site "https://www.chess.com"]

[Event "Titled Tuesday Blitz April 18 Early 2023"]
[White "Narayanan.S.L"]
[Black "Aradhya, Garg"]
[WhiteFideId "5058422"]
[BlackFideId "25006746"]
[WhiteElo "2547"]
[BlackElo "2263"]
[Result "1/2-1/2"]
[Round "08"]
[TimeControl "180+2"]
[Date "2023.04.18"]
[WhiteClock "0:00:09"]
[BlackClock "0:00:09"]

1. e4 e5 2. Nf3 Nc6 3. d4 exd4 4. Nxd4 Nf6 5. Nxc6 bxc6 6. e5 Qe7 7. Qe2 Nd5 8. h4 h6 9. Nd2 Qe6 10. g3 Nb4 11. Nf3 Ba6 12. c4 d5 13. a3 Bxc4 14. Qd1 Na6 15. Bxc4 dxc4 16. O-O Nc5 17. Be3 Nd3 18. b3 Rd8 19. Nd4 Qd5 20. bxc4 Qxc4 21. e6 Be7 22. exf7+ Kxf7 23. Qf3+ Bf6 24. Nxc6 Rd6 25. Nb4 Ne5 26. Qb7 Qg4 27. Kg2 Rd7 28. f3 Qe6 29. Qe4 a5 30. Nc2 Nc4 31. Qxe6+ Kxe6 32. Rae1 Kf7 33. Bc1 Rd3 34. Re4 Rc3 35. Rf2 Rd8 36. Rfe2 Rd1 37. Bf4 Nd6 38. Ra4 Rdd3 39. Rxa5 Nc4 40. Ra7 Nxa3 41. Nxa3 Rxa3 42. Rxc7+ Kg6 43. Rf2 Bd4 44. Rf1 Ra2+ 45. Kh3 Bf6 46. g4 Rd4 47. Bg3 Rd3 48. Rc5 Raa3 49. Rf5 h5 50. Rf4 hxg4+ 51. Kxg4 Rd5 52. Re4 Raa5 53. Rfe1 Rd2 54. R4e2 Rd3 55. Re3 Rd2 56. R1e2 Rd1 57. Re4 Rg1 58. Kh3 Rf5 59. Rg2 Rf1 60. Rg4+ Kf7 61. f4 Rf3 62. Kh2 Rd5 63. Rf2 Re3 64. Kg2 Rdd3 65. f5 Re1 66. Rg6 Re8 67. h5 Rd5 68. h6 gxh6 69. Rxh6 Rg8 70. Rh7+ Rg7 71. Rxg7+ Bxg7 72. Kh3 Be5 73. Bh4 Bf6 74. Bg3 Be5 75. Bxe5 Rxe5 76. Kg4 Kf6 77. Ra2 Re4+ 78. Kf3 Kxf5 79. Ra5+ Re5 80. Rxe5+ Kxe5 1/2-1/2


[Site "https://www.chess.com"]

[Event "Titled Tuesday Blitz April 18 Early 2023"]
[White "Kushko, Dmitriy"]
[Black "Naroditsky, Daniel"]
[WhiteFideId "14162261"]
[BlackFideId "2026961"]
[WhiteElo "2230"]
[BlackElo "2633"]
[Result "0-1"]
[Round "08"]
[TimeControl "180+2"]
[Date "2023.04.18"]
[WhiteClock "0:00:49"]
[BlackClock "0:01:22"]

1. f4 d5 2. Nf3 Bg4 3. e3 Nd7 4. h3 Bxf3 5. Qxf3 Ngf6 6. d4 e6 7. Bd3 Ne4 8. Bxe4 dxe4 9. Qxe4 Qh4+ 10. Ke2 O-O-O 11. Nd2 Nf6 12. Qf3 g5 13. fxg5 Qxg5 14. Rf1 Be7 15. Rf2 Rhg8 16. Kf1 Nh5 17. Ne4 Qh4 18. Bd2 f5 19. Nc3 Rg3 20. Qe2 Rxh3 0-1


[Site "https://www.chess.com"]

[Event "Titled Tuesday Blitz April 18 Early 2023"]
[White "Caruana, Fabiano"]
[Black "Bharath Subramaniyam H"]
[WhiteFideId "2020009"]
[BlackFideId "46634827"]
[WhiteElo "2837"]
[BlackElo "2395"]
[Result "0-1"]
[Round "08"]
[TimeControl "180+2"]
[Date "2023.04.18"]
[WhiteClock "0:00:15"]
[BlackClock "0:00:14"]

1. c4 e5 2. Nc3 Nc6 3. Nf3 f5 4. d4 e4 5. Ng1 Nf6 6. Nh3 Bb4 7. Bg5 O-O 8. e3 h6 9. Bxf6 Qxf6 10. Nf4 Bxc3+ 11. bxc3 d6 12. h4 Ne7 13. h5 Kh7 14. a4 Be6 15. a5 Bf7 16. Be2 c5 17. g3 Rac8 18. Qb3 Rc7 19. O-O Rfc8 20. Rfb1 Nc6 21. Qd1 Nd8 22. Ra4 cxd4 23. cxd4 Bxc4 24. Bxc4 Rxc4 25. Rxc4 Rxc4 26. Qb3 Qf7 27. Kg2 Rc7 28. Qxf7 Nxf7 29. Rb5 Ng5 30. Rxf5 Rf7 31. Rd5 Rd7 32. a6 bxa6 33. Ra5 Kg8 34. Rxa6 Kf7 35. Ra5 Ne6 36. Nd5 Ng5 37. g4 Rb7 38. Kg3 Ke6 39. Nc3 Kd7 40. Kf4 Kc6 41. Nxe4 Rf7+ 42. Kg3 Nxe4+ 43. Kh4 Rxf2 44. g5 hxg5+ 45. Kg4 Kb6 46. Ra4 d5 47. Ra1 Rg2+ 48. Kf5 Rh2 49. Kg6 g4 50. Rb1+ Kc6 51. Rc1+ Kd6 52. Ra1 g3 53. Ra6+ Kc7 54. Rxa7+ Kb6 55. Ra1 g2 56. Rg1 Nd2 57. Kxg7 Nf3 58. Rxg2 Rxg2+ 59. Kf6 Rh2 60. Kg6 Kb5 61. h6 Kc4 62. h7 Kd3 0-1


[Site "https://www.chess.com"]

[Event "Titled Tuesday Blitz April 18 Early 2023"]
[White "Kukhmazov, Arsen"]
[Black "Bluebaum, Matthias"]
[WhiteFideId "24108260"]
[BlackFideId "24651516"]
[WhiteElo "2396"]
[BlackElo "2638"]
[Result "0-1"]
[Round "08"]
[TimeControl "180+2"]
[Date "2023.04.18"]
[WhiteClock "0:00:17"]
[BlackClock "0:00:33"]

1. d4 d5 2. c4 e6 3. Nf3 Nf6 4. e3 a6 5. b3 c5 6. Bb2 cxd4 7. exd4 Bb4+ 8. Nbd2 O-O 9. Bd3 dxc4 10. bxc4 b5 11. cxb5 axb5 12. Bxb5 Bb7 13. Be2 Qd5 14. a3 Ba5 15. O-O Rc8 16. Rc1 Rxc1 17. Qxc1 Nbd7 18. Qc4 Qd6 19. Nb3 Bd5 20. Qd3 Qb6 21. Nxa5 Qxb2 22. Nc4 Qa2 23. Rc1 Rc8 24. Nfd2 Nb6 25. h3 h6 26. Rc2 Qa1+ 27. Kh2 Nxc4 28. Nxc4 Qe1 29. Qe3 Qb1 30. Rb2 Qa1 31. Nd6 Qxb2 32. Nxc8 Qb8+ 0-1


[Site "https://www.chess.com"]

[Event "Titled Tuesday Blitz April 18 Early 2023"]
[White "Sarana, Alexey"]
[Black "Aydincelebi, Kagan"]
[WhiteFideId "24133795"]
[BlackFideId "6361102"]
[WhiteElo "2714"]
[BlackElo "2180"]
[Result "1-0"]
[Round "08"]
[TimeControl "180+2"]
[Date "2023.04.18"]
[WhiteClock "0:00:43"]
[BlackClock "0:00:20"]

1. d4 Nf6 2. c4 e6 3. Nf3 c5 4. d5 exd5 5. cxd5 d6 6. Nc3 g6 7. e4 a6 8. Be2 Bg4 9. O-O Bg7 10. a4 O-O 11. Be3 Re8 12. Nd2 Bxe2 13. Qxe2 Nbd7 14. Bf4 Qe7 15. Rae1 Nh5 16. Be3 f5 17. exf5 Qh4 18. fxg6 hxg6 19. Qc4 Qe7 20. Nf3 Ne5 21. Nxe5 Qxe5 22. g3 Nf6 23. Re2 Qf5 24. Rfe1 Ng4 25. Bf4 Ne5 26. Bxe5 Rxe5 27. Ne4 Qh3 28. f4 Rh5 29. Ng5 Qg4 30. Qd3 Bd4+ 31. Kh1 Rh6 32. Re6 Qxg3 33. Qxg3 1-0


[Site "https://www.chess.com"]

[Event "Titled Tuesday Blitz April 18 Early 2023"]
[White "Szpar, Milosz"]
[Black "Bortnyk, Olexandr"]
[WhiteFideId "1184989"]
[BlackFideId "14120828"]
[WhiteElo "2436"]
[BlackElo "2734"]
[Result "1-0"]
[Round "08"]
[TimeControl "180+2"]
[Date "2023.04.18"]
[WhiteClock "0:00:15"]
[BlackClock "0:00:23"]

1. e4 Nf6 2. e5 Nd5 3. d4 d6 4. Nf3 dxe5 5. Nxe5 c6 6. Bc4 Nd7 7. Nf3 N7f6 8. O-O Bg4 9. c3 e6 10. h3 Bh5 11. Nbd2 Bd6 12. a4 O-O 13. Qb3 Qc7 14. Re1 c5 15. Ne5 cxd4 16. cxd4 Rac8 17. Bf1 Bb4 18. Nd3 Ba5 19. Qa3 Bb6 20. Nb3 a5 21. Bd2 Qd8 22. Ndc5 Rb8 23. Rac1 Bc7 24. Nd3 b6 25. Ne5 Bd6 26. Qa1 Bxe5 27. dxe5 Nd7 28. Nd4 Rc8 29. Nc6 Qh4 30. g3 Rxc6 31. gxh4 Nc5 32. Qa2 Rfc8 33. Bg2 R6c7 34. Bxd5 exd5 35. Qxd5 Bg6 36. b4 axb4 37. Bxb4 Bf5 38. Bxc5 bxc5 39. e6 fxe6 40. Rxe6 Bxe6 41. Qxe6+ Kh8 42. Qc4 h6 43. a5 Ra8 44. a6 Rc6 45. Ra1 Ra7 46. Qb5 Rcc7 47. Qb8+ Kh7 48. Qxc7 Rxc7 49. a7 Rxa7 50. Rxa7 Kg6 51. Rc7 Kh5 52. Rxg7 Kxh4 53. Rg3 c4 54. Rc3 Kg5 55. Kg2 Kh5 56. Kg3 Kg5 57. Rxc4 Kh5 58. Rc5+ Kg6 59. h4 1-0


[Site "https://www.chess.com"]